 Dungeon Crawl Stone Soup version 0.17-a0-2109-g117576f (webtiles) character file.

3463 radek the Thaumaturge (level 9, -9/46 HPs)
             Began as a Deep Elf Conjurer on Oct 19, 2015.
             Mangled by a wolf (12 damage)
             ... led by Grum
             ... on level 8 of the Dungeon.
             The game lasted 00:52:12 (9496 turns).

radek the Thaumaturge (Deep Elf Conjurer)           Turns: 9496, Time: 00:52:12

Health: -9/46      AC:  5    Str:  6    XL:     9   Next: 78%
Magic:  2/26       EV: 17    Int: 23    God:
Gold:   278        SH:  0    Dex: 15    Spells: 2 memorised, 24 levels left

rFire  . . .     SeeInvis .     m - +7 Screaming Sword
rCold  . . .     Clarity  .     a - +0 robe
rNeg   . . .     SustAt   .     (no shield)
rPois  .         Gourm    .     p - +2 hat
rElec  .         Spirit   .     (no cloak)
rCorr  .         Warding  .     d - +0 pair of gloves
rMut   .         Stasis   .     (no boots)
MR     .....                    (no amulet)
Stlth  +++.......               v - ring of stealth
                                F - +3 ring of evasion

@: not resistant to hostile enchantments, fairly stealthy
A: no striking features
a: no special abilities


You were on level 8 of the Dungeon.
You were not hungry.

You visited 1 branch of the dungeon, and saw 8 of its levels.

You collected 375 gold pieces.
You spent 97 gold pieces at shops.

Inventory:

Hand Weapons
 c - a +0 short sword
 m - the +7 Screaming Sword (weapon)
   (You found it on level 6 of the Dungeon)
 y - a +2 dagger of draining
 A - a +1 flail of protection
 E - a +3 dire flail
Armour
 a - a +0 robe (worn)
 d - a +0 pair of gloves (worn)
 p - a +2 hat (worn)
Jewellery
 v - a ring of stealth (right hand)
 w - a +2 ring of evasion
 D - an uncursed ring of stealth
 F - a +3 ring of evasion (left hand)
 H - an uncursed ring of fire
Wands
 t - a wand of random effects (48)
 B - a wand of slowing (23)
 C - a wand of fire (9)
Scrolls
 e - 2 scrolls of blinking
 f - 5 scrolls of remove curse
 g - a scroll of fear
 h - 5 scrolls of identify
 i - 5 scrolls of teleportation
 z - a scroll of immolation {unknown}
Potions
 j - a potion of cure mutation {unknown}
 k - a potion of beneficial mutation {unknown}
 l - 4 potions of degeneration {unknown}
 n - 3 potions of ambrosia {unknown}
 q - a potion of might {unknown}
 r - a potion of resistance {unknown}
 u - a potion of invisibility {unknown}
 x - 2 potions of brilliance {unknown}
Books
 b - a book of Conjurations

   Spells                             Type                      Level
   a - Magic Dart                     Conjuration                  1
   b - Searing Ray                    Conjuration                  2
   c - Dazzling Spray                 Conjuration/Hexes            3
   d - Fulminant Prism                Conjuration/Hexes            4
   e - Iskenderun's Mystic Blast      Conjuration                  4
   f - Iskenderun's Battlesphere      Conjuration/Charms           5
Comestibles
 o - 5 beef jerkies
 s - 4 bread rations
 G - 3 chunks of flesh


   Skills:
 + Level 0.5 Fighting
 + Level 0.3 Long Blades
 + Level 4.1 Dodging
 - Level 2.4 Stealth
 + Level 11.0 Spellcasting
 + Level 10.2 Conjurations
 + Level 9.6 Charms


You had 24 spell levels left.
You knew the following spells:

 Your Spells              Type           Power        Failure   Level  Hunger
a - Magic Dart            Conj           ####         1%          1    None
b - Iskenderun's Battles  Conj/Chrm      ######..     2%          5    ####...


Dungeon Overview and Level Annotations

Branches:
Dungeon (8/15)             Temple (0/1) D:5
   Lair: D:8-11

Altars:
Cheibriados
Okawaru
Trog

Shops:
D:5 :?[


Message History

The wolf completely misses you. The wolf closely misses you.
Casting: Magic Dart
Confirm with . or Enter, or press ? or * to list all spells.
Aiming: Magic Dart
Press: ? - help, Shift-Dir - straight line, f/p - wolf
Aim: a wolf (severely wounded)
The magic dart hits the wolf.
The wolf is severely wounded.
The Screaming Sword gives you a private concerto.
The wolf bites you but does no damage.
Casting: Magic Dart
Confirm with . or Enter, or press ? or * to list all spells.
Aiming: Magic Dart
Press: ? - help, Shift-Dir - straight line, f/p - wolf
Aim: a wolf (severely wounded)
The magic dart hits the wolf.
The wolf is severely wounded.
The Screaming Sword keens wildly.
The wolf bites you!
You die...

.....'..#
#.####.########.#
##...##.# #.#
#..........#
#...##.# #.#
############
######.# #.# #.#
#.# #.# #.# #.#
#.# #.# #.# #.#
#@# #.########h#
#..)......h#
##########.# ###


You could see 2 wolves.

Vanquished Creatures
  Grinder (D:3)
  Grum (D:8)
  2 wolves (D:8)
  An ice beast (D:7)
  A phantom (D:7)
  A sky beast (D:6)
  3 orc warriors
  4 ogres
  2 big kobolds (D:7)
  2 giant frogs
  10 scorpions
  4 killer bees (D:7)
  A wight (D:7)
  6 crimson imps
  A jelly (D:4)
  3 hounds
  4 orc priests
  Terence (D:4)
  An iguana (D:4)
  7 worker ants
  4 orc wizards
  A hound zombie (D:7)
  A hound skeleton (D:6)
  12 adders
  A shadow imp (D:5)
  An adder skeleton (D:8)
  An adder zombie (D:6)
  2 worms (D:2)
  6 giant geckos
  16 orcs
  2 ball pythons
  18 bats
  6 goblins
  9 hobgoblins
  11 jackals
  19 kobolds
  9 giant cockroaches
  A giant gecko skeleton (D:4)
  2 giant newts
  2 quokkas
  12 rats
  2 fungi (D:6)
194 creatures vanquished.

Vanquished Creatures (others)
  9 fungi (D:6)
9 creatures vanquished.

Grand Total: 203 creatures vanquished

Notes
Turn   | Place    | Note
--------------------------------------------------------------
     0 | D:1      | radek the Deep Elf Conjurer began the quest for the Orb.
     0 | D:1      | Reached XP level 1. HP: 10/10 MP: 6/6
   309 | D:1      | Reached XP level 2. HP: 15/15 MP: 6/8
   363 | D:1      | Reached skill level 5 in Conjurations
   895 | D:2      | Reached XP level 3. HP: 19/19 MP: 3/9
   913 | D:2      | Noticed Terence
  1067 | D:2      | You fall through a shaft!
  1770 | D:2      | Reached skill level 6 in Conjurations
  1808 | D:2      | Reached XP level 4. HP: 24/24 MP: 5/10
  2773 | D:3      | Reached XP level 5. HP: 28/28 MP: 6/11
  2810 | D:3      | Learned a level 5 spell: Iskenderun's Battlesphere
  2811 | D:3      | Noticed Grinder
  2830 | D:3      | Paralysed by Grinder for 2 turns
  2833 | D:3      | Paralysed by Grinder for 5 turns
  3497 | D:3      | Paralysed by Grinder for 3 turns
  3506 | D:3      | Killed Grinder
  3506 | D:3      | Reached XP level 6. HP: 32/32 MP: 2/12
  3721 | D:3      | Reached skill level 7 in Charms
  4074 | D:4      | Reached XP level 7. HP: 36/36 MP: 2/13
  4429 | D:4      | Found an iron altar of Okawaru.
  4501 | D:4      | Killed Terence
  4922 | D:5      | Entered Level 5 of the Dungeon
  4925 | D:5      | Found Qucon's Antique Armour Emporium.
  5034 | D:5      | Found a staircase to the Ecumenical Temple.
  5343 | D:5      | Reached skill level 8 in Conjurations
  5442 | D:5      | Found Xofoe's Magic Scroll Boutique.
  5450 | D:5      | Bought a scroll of blinking for 97 gold pieces
  5711 | D:5      | Found a bloodstained altar of Trog.
  6058 | D:5      | Found Juufej Nik's Book Shop.
  6108 | D:6      | Reached skill level 5 in Spellcasting
  6108 | D:6      | Reached XP level 8. HP: 41/41 MP: 8/17
  6839 | D:6      | Reached skill level 9 in Conjurations
  7345 | D:7      | Reached XP level 9. HP: 36/45 MP: 7/23
  8317 | D:7      | Reached skill level 10 in Spellcasting
  8747 | D:7      | Found a snail-covered altar of Cheibriados.
  9449 | D:8      | Reached skill level 10 in Conjurations
  9450 | D:8      | Noticed Grum
  9458 | D:8      | Killed Grum
  9470 | D:8      | Reached skill level 11 in Spellcasting
  9496 | D:8      | Mangled by a wolf

Vault maps used:
D:1:      dpeg_arrival_round_c, st_stairs_12
D:2:      uniq_terence
D:3:      wad_crossroads, uniq_grinder
D:4:      okawaru_trees_1
D:5:      minmay_temple_entry_statues, serial_shops, shop, shop, shop,
          first_bread, minmay_tree_intersection, trog_three_pillars_becter
D:6:      old_forge
D:7:      cheibriados_altar_wand_db
D:8:      lair_0_dummy, uniq_grum

Action                   |  1- 3 |  4- 6 |  7- 9 || total
-------------------------+-------+-------+-------++-------
Melee: Hand axe          |       |       |     3 ||     3
       Short sword       |       |       |    27 ||    27
       Double sword      |       |       |    15 ||    15
 Cast: Magic Dart        |    90 |   120 |   283 ||   493
       Iskenderun's Batt |       |     2 |    35 ||    37
  Use: Scroll            |       |       |     8 ||     8
  Eat: Chunk             |     3 |     3 |     8 ||    14
       Bread ration      |       |     1 |       ||     1
       Pizza             |       |       |     1 ||     1
       Meat ration       |       |       |     3 ||     3
